 Dungeon Crawl Stone Soup version 0.17-a0-1591-g7a45446 (webtiles) character file.

115 volk64 the Ducker (level 5, -3/36 HPs)
             Began as an Octopode Fighter on July 29, 2015.
             Slain by an orc
             ... wielding a +2 falchion of protection
              (6 damage)
             ... on level 3 of the Dungeon.
             The game lasted 00:07:55 (2049 turns).

volk64 the Ducker (Octopode Fighter)                Turns: 2049, Time: 00:07:56

Health: -3/36      AC:  1    Str: 16    XL:     5   Next: 0%
Magic:  14/14      EV: 11    Int: 10    God:
Gold:   93         SH:  9    Dex: 12    Spells: 0 memorised, 4 levels left

rFire  . . .     SeeInvis .     r - +2 dagger (venom)
rCold  . . .     Clarity  .     b - +0 shield
rNeg   . . .     SustAt   .     (helmet restricted)
rPois  .         Gourm    .     (no amulet)
rElec  .         Spirit   .     f - ring of magical power
rCorr  .         Warding  .     (no ring)
rMut   .         Stasis   .     (no ring)
MR     .....                    (no ring)
Stlth  +++.......               (no ring)
                                (no ring)
                                (no ring)
                                (no ring)

@: not resistant to hostile enchantments, fairly stealthy
A: almost no armour, amphibious, 8 rings, constrict 8, camouflage 1, gelatinous
body 1
a: no special abilities


You were on level 3 of the Dungeon.
You were not hungry.

You visited 1 branch of the dungeon, and saw 3 of its levels.

You collected 93 gold pieces.

Inventory:

Hand weapons
 a - a +0 war axe
 e - a +2 dagger of pain
 i - a cursed -3 spear
 r - a +2 dagger of venom (weapon)
Armour
 b - a +0 shield (worn)
Jewellery
 f - a ring of magical power (left tentacle)
 k - an uncursed ring of sustain attributes {unknown}
 q - a +6 ring of intelligence
Scrolls
 g - a scroll of remove curse
 j - a scroll of magic mapping
Potions
 c - a potion of might
 h - a potion of degeneration {unknown}
 l - a potion of flight {unknown}
 o - a potion of haste
Comestibles
 d - 2 bread rations
 m - a royal jelly
 n - 2 meat rations
 p - a beef jerky
 s - a chunk of flesh


   Skills:
 + Level 3.3 Fighting
 + Level 0.4 Short Blades
 + Level 2.6 Axes
 + Level 4.0 Dodging
 + Level 1.7 Stealth
 + Level 3.7 Shields


You had 4 spell levels left.
You didn't know any spells.

Dungeon Overview and Level Annotations

Branches:
Dungeon (3/15)

Altars:


Innate Abilities, Weirdness & Mutations

You cannot wear most types of armour.
You are amphibious.
You can wear up to eight rings at the same time.
You can use your tentacles to constrict eight enemies at once.
Your skin changes colour to match your surroundings (Stealth).
Your rubbery body absorbs attacks (AC +1).


Message History

The hobgoblin is almost dead.
You constrict the hobgoblin.
You kill the hobgoblin!
You have reached level 5!
You feel agile.
You hit the orc but do no damage.
The orc is poisoned.
You grab the orc.
You constrict the orc, but do no damage.
You block the orc's attack.
You hit the orc but do no damage.
The orc looks even sicker.
You constrict the orc.
The orc hits you with a falchion of protection!
* * * LOW HITPOINT WARNING * * *
You hit the orc but do no damage. You squeeze the orc, but do no damage.
The orc is moderately wounded.
You constrict the orc. You block the orc's attack.
Your shield prevents you from hitting the orc.
The orc is severely wounded.
You constrict the orc.
The orc hits you with a falchion of protection.
You die...

.. #....# #[ #....# #.#
#....# . .. #....# ###..
#. ###....# ......
..##.####......###......
........'......+..o.....
#####.###......#o# ..#
#........##.?..#@# ...#
#........##....#.#....#
#........##...........#
#........######.......#
#........# #.".....#
#........# ##.######
#######.## #.# #..# #.#
##.## #.#


You could see an orc.

Vanquished Creatures
  An orc wizard (D:3)
  2 adders (D:2)
  4 worms
  3 giant geckos
  6 orcs (D:3)
  4 bats
  7 goblins
  3 hobgoblins
  11 jackals
  A giant newt (D:1)
  4 kobolds
  9 rats
55 creatures vanquished.

Notes
Turn   | Place    | Note
--------------------------------------------------------------
     0 | D:1      | volk64 the Octopode Fighter began the quest for the Orb.
     0 | D:1      | Reached XP level 1. HP: 16/16 MP: 1/1
   129 | D:1      | Reached XP level 2. HP: 19/21 MP: 2/2
   446 | D:1      | Reached XP level 3. HP: 26/26 MP: 3/3
  1266 | D:2      | Reached XP level 4. HP: 31/31 MP: 4/4
  1636 | D:3      | Reached skill level 1 in Stealth
  2036 | D:3      | Reached skill level 4 in Dodging
  2045 | D:3      | Reached XP level 5. HP: 10/36 MP: 5/5
  2049 | D:3      | Slain by an orc

Vault maps used:
D:1:      dpeg_arrival_brainrot, minmay_misc_feat_cross, minmay_crystal_room
D:2:      first_bread

Action                   |  1- 3 |  4- 6 || total
-------------------------+-------+-------++-------
Melee: War axe           |    23 |       ||    23
       Dagger            |    36 |    47 ||    83
  Use: Scroll            |     4 |     2 ||     6
       Potion            |     5 |     1 ||     6
 Stab: Sleeping          |     4 |     2 ||     6
  Eat: Chunk             |     1 |     3 ||     4
